 Dungeon Crawl Stone Soup version 0.23.2-1-ga50397a (webtiles) character file.

Game seed: 10354127224317659461

735 Madoushi the Chopper (level 7, -3/62 HPs)
             Began as a Minotaur Berserker on Apr 21, 2019.
             Was a Priest of Trog.
             Slain by an ogre
             ... wielding a +0 giant spiked club
              (9 damage)
             ... on level 5 of the Dungeon.
             The game lasted 00:11:38 (4183 turns).

Madoushi the Chopper (Minotaur Berserker)           Turns: 4183, Time: 00:11:40

Health: -3/62      AC:  6    Str: 24    XL:     7   Next: 45%
Magic:  6/6        EV: 16    Int:  4    God:    Trog [***...]
Gold:   173        SH:  0    Dex:  9    Spells: 6/6 levels left

rFire    . . .     SeeInvis .   D - +1 war axe (chop)
rCold    . . .     Gourm    .   (no shield)
rNeg     . . .     Faith    .   r - +0 ring mail
rPois    .         Spirit   .   (helmet restricted)
rElec    .         Reflect  .   (no cloak)
rCorr    .         Harm     .   (no gloves)
MR       .....                  (no boots)
Stlth    ..........             (no amulet)
HPRegen  0.20/turn              p - +4 ring of evasion
MPRegen  0.10/turn              (no ring)

@: no status effects
A: retaliatory headbutt, horns 2
a: Berserk, Trog's Hand, Renounce Religion


You were on level 5 of the Dungeon.
You worshipped Trog.
Trog was most pleased with you.
You were very hungry.

You visited 1 branch of the dungeon, and saw 5 of its levels.
You also visited: Ossuary.

You collected 173 gold pieces.

Inventory:

Hand Weapons
 a - a +0 hand axe
 D - a +1 war axe of chopping (weapon)
Armour
 b - a +0 animal skin
 r - a +0 ring mail (worn)
Jewellery
 p - a +4 ring of evasion (left hand)
Wands
 y - a wand of acid (7)
Scrolls
 e - 4 scrolls of amnesia
 f - a scroll of noise {unknown}
 h - 6 scrolls of remove curse
 j - a scroll of teleportation {unknown}
 l - 2 scrolls of enchant weapon {unknown}
 n - 4 scrolls of identify
 o - 3 scrolls of enchant armour {unknown}
 t - a scroll of fog {unknown}
 u - a scroll of magic mapping {unknown}
 z - 3 scrolls of immolation {unknown}
 A - 7 scrolls of random uselessness {unknown}
 B - a scroll of fear {unknown}
Potions
 d - 11 potions of degeneration
 g - 5 potions of curing {unknown}
 i - a potion of might {unknown}
 k - a potion of heal wounds {unknown}
 m - 2 potions of lignification {unknown}
 q - a potion of agility {unknown}
 s - 2 potions of flight {unknown}
 v - a potion of magic {unknown}
 w - a potion of berserk rage {unknown}
 x - a potion of ambrosia {unknown}
 C - a potion of haste {unknown}
Comestibles
 c - 6 rations


   Skills:
 + Level 5.7 Fighting
 * Level 7.3 Axes
 + Level 5.0 Armour
 + Level 4.4 Dodging


You had 6 spell levels left.
You didn't know any spells.
Your spell library was empty.

Dungeon Overview and Level Annotations

Branches:
Dungeon (5/15)             Temple (0/1) D:4

Altars:
Cheibriados
Kikubaaqudgha
Trog
Yredelemnul
The Shining One

Annotations:
D:4 3 runed translucent doors, Verendum's ghost, amateur OpAK


Innate Abilities, Weirdness & Mutations

You reflexively headbutt those who attack you in melee.
You have a pair of horns on your head.


Message History

You closely miss the ogre.
You headbutt the ogre, but do no damage.
The ogre hits you with a +0 giant spiked club!!
You are feeling very hungry.
You slash the ogre! Your headbutt misses the ogre.
The ogre is moderately wounded.
The ogre closely misses you.
You barely miss the ogre.
The ogre is moderately wounded.
You barely miss the ogre. You headbutt the ogre!
The ogre is severely wounded.
The ogre hits you with a +0 giant spiked club!
You closely miss the ogre. Your headbutt misses the ogre.
The ogre is severely wounded.
The ogre hits you with a +0 giant spiked club!!
* * * LOW HITPOINT WARNING * * *
You hit the ogre. Your headbutt misses the ogre.
The ogre is almost dead.
The ogre hits you with a +0 giant spiked club!
You die...

#.# #.#....... #.#
#.#.......
######.#####.#........
#............+........
#.####.#####.#........
###.####.#####.#........
........................
###.####.#####.#########
#.....O@....##.#########
#.#>....................
#.####.##.######.##### #
#.##.######..#... #.#
#.......#... #.#
#<......#... #.#
#........### #.#
#####+##.### #..##


You could see an ogre.

Vanquished Creatures
  A hungry ghost (D:4)
  A scorpion (D:4)
  A howler monkey (D:4)
  A crimson imp (D:5)
  A centaur zombie (Ossuary)
  A hound (D:3)
  An orc priest (D:3)
  A bullfrog skeleton (D:4)
  An iguana (D:4)
  2 orc wizards (D:5)
  2 worker ants (D:4)
  2 mummies (Ossuary)
  A worker ant zombie (D:5)
  3 adders
  3 gnolls (D:2)
  A howler monkey skeleton (D:3)
  An adder zombie (D:5)
  5 worms
  3 dart slugs
  6 leopard geckos
  9 orcs
  A ball python (D:3)
  5 giant cockroaches
  2 gnoll zombies (Ossuary)
  8 goblins
  6 hobgoblins
  7 jackals (D:3)
  9 kobolds
  2 quokkas
  8 bats
  3 frilled lizards
  2 goblin zombies (Ossuary)
  A hobgoblin zombie (Ossuary)
  A leopard gecko skeleton (D:4)
  2 orc zombies (Ossuary)
  7 rats
111 creatures vanquished.

Vanquished Creatures (others)
  A bullfrog skeleton (D:5)
1 creature vanquished.

Grand Total: 112 creatures vanquished

Notes
Turn   | Place    | Note
-------+----------+-------------------------------------------
     0 | D:1      | Madoushi the Minotaur Berserker began the quest for the
                  | Orb.
     0 | D:1      | Reached XP level 1. HP: 19/19 MP: 0/0
    63 | D:1      | Reached skill level 4 in Axes
    63 | D:1      | Reached XP level 2. HP: 8/27 MP: 1/1
   834 | D:2      | Reached ** piety under Trog
   834 | D:2      | Reached XP level 3. HP: 27/33 MP: 2/2
  1455 | D:2      | Reached XP level 4. HP: 40/40 MP: 3/3
  1770 | D:2      | Found a glowing golden altar of the Shining One.
  1772 | D:2      | Noticed an angel
  1810 | D:2      | Found a basalt altar of Yredelemnul.
  1812 | D:2      | Noticed a profane servitor
  1909 | D:3      | Reached skill level 5 in Axes
  2024 | D:3      | Reached XP level 5. HP: 47/47 MP: 4/4
  2082 | D:3      | Found an ancient bone altar of Kikubaaqudgha.
  2257 | D:3      | Reached *** piety under Trog
  2300 | D:3      | Found a snail-covered altar of Cheibriados.
  2727 | D:4      | Noticed a hungry ghost
  2746 | D:4      | Killed a hungry ghost
  2746 | D:4      | Reached skill level 5 in Fighting
  2746 | D:4      | Reached skill level 6 in Axes
  2746 | D:4      | Reached XP level 6. HP: 53/56 MP: 5/5
  3246 | D:4      | Found a staircase to the Ecumenical Temple.
  3332 | D:4      | Found a bloodstained altar of Trog.
  3355 | D:4      | Found a runed translucent gate.
  3356 | D:4      | Found a runed translucent gate.
  3357 | D:4      | Found a runed translucent gate.
  3360 | D:4      | Noticed Verendum's ghost (amateur OpAK)
  3437 | D:4      | Reached XP level 7. HP: 53/61 MP: 6/6
  3555 | D:5      | Entered Level 5 of the Dungeon
  3643 | D:5      | Reached skill level 7 in Axes
  3791 | D:5      | Found a sand-covered staircase.
  3801 | Ossuary  | Entered an ossuary
  4010 | Ossuary  | Reached skill level 5 in Armour
  4183 | D:5      | Slain by an ogre

Skill      XL: |  1  2  3  4  5  6  7 |
---------------+----------------------+-----
Axes           | 4 5 6 7 |  7.3
Fighting       | 4 5 |  5.7
Armour         | 3 4 5 |  5.0
Dodging        | 3 4 |  4.4

Action                   |  1- 3 |  4- 6 |  7- 9 || total
-------------------------+-------+-------+-------++-------
Melee: Hand axe          |    68 |   140 |    49 ||   257
       Headbutt          |    11 |    35 |    15 ||    61
       War axe           |       |       |     8 ||     8
Invok: Berserk           |     1 |       |       ||     1
  Use: Scroll            |     1 |     2 |       ||     3
 Stab: Sleeping          |     1 |       |       ||     1
  Eat: Chunk             |     1 |     5 |     2 ||     8
       Ration            |       |     1 |       ||     1
Armor: Animal skin       |    11 |       |       ||    11
       Ring mail         |       |    21 |     4 ||    25
Dodge: Dodged            |    64 |    90 |    31 ||   185
